AoeStats
← Barón de la Cerveza

Arabia

510208554Analyzed
1v1 RM · 3d ago on Sep 30, 2026· 38m 2s· 2 players
Game mode
Random Map
Map size
Tiny (2 player)
Population
200
Speed
Normal
Resources
Standard
Victory
Conquest
Starting age
Dark Age
Ending age
Imperial Age
RankedLock teamsTeams togetherTeam positionsShared explorationLock speedFull tech treeHidden civsTurbo modeCheats
Victory
Defeat
🇲🇽 Saxons · Mexico
1818
+9
🇨🇱 Tatars · Chile
1664
-9
Kalkin
6:09 Loom
9:04 Feudal Age
14:48 Double-Bit Axe
21:46 Castle Age
19:42 Gold Mining
20:04 Horse Collar
21:32 Bloodlines
21:40 Fletching
22:34 Bodkin Arrow
22:51 Bow Saw
23:18 Gold Shaft Mining
24:05 Padded Archer Armor
26:43 Heavy Plow
27:23 Husbandry
28:50 Leather Archer Armor
30:54 Ballistics
31:39 Wheelbarrow
33:21 Town Watch
33:31 Stone Mining
35:43 Scale Barding Armor
39:56 Imperial Age
37:10 Light Cavalry
Barón de la Cerveza
10:38 Feudal Age
10:43 Man-at-Arms
13:08 Horse Collar
13:21 Loom
13:33 Double-Bit Axe
17:59 Wheelbarrow
21:59 Castle Age
20:14 Fletching
20:31 Gold Mining
22:42 Bodkin Arrow
22:08 Crossbowman
24:27 Padded Archer Armor
24:48 Bow Saw
26:03 Ballistics
27:21 Heavy Plow
27:52 Fishing Lines
30:36 Elite Skirmisher
33:31 Leather Archer Armor
37:43 Imperial Age
36:37 Gambesons
36:53 Squires
36:55 Scale Mail Armor
Connection lost

Rejoining the realm…

Still unreachable

The connection could not be restored.

Session expired

The server has moved on; the page needs a fresh start.